 Dungeon Crawl Stone Soup version 0.16-a0-4097-gb4d75fa (webtiles) character file.

5262 BluebellGnoll the Cleaver (level 10, -6/95 HPs)
             Began as a Minotaur Gladiator on Feb 25, 2015.
             Was an Elder of Okawaru.
             Killed from afar by a gargoyle (16 damage)
             ... with a stone arrow
             ... on level 9 of the Dungeon.
             The game lasted 00:28:16 (7793 turns).

BluebellGnoll the Cleaver (Minotaur Gladiator)      Turns: 7793, Time: 00:28:16

Health: -6/95      AC: 18    Str: 25    XL:     10   Next: 36%
Magic:  4/4        EV:  9    Int:  5    God:    Okawaru [****..]
Gold:   396        SH:  0    Dex: 11    Spells: 0 memorised, 9 levels left

rFire  . . .     SeeInvis +     a - +0 war axe (curse)
rCold  . . .     Clarity  +     s - +4 chain mail {rPois}
rNeg   + + .     SustAb   .     (no shield)
rPois  +         Gourm    .     c - +0 hat
rElec  .         Spirit   .     N - +1 cloak of Dishonesty {+Inv rN++ Str+2}
rCorr  .         Warding  .     (no gloves)
rMut   .         Rnd*Tele +     n - +0 pair of boots (curse)
MR     .....                    (no amulet)
Stlth  ..........               p - ring of see invisible
                                y - ring of teleportation (curse)

@: about to teleport, very slightly contaminated, hasted, very quick, not
resistant to hostile enchantments, extremely unstealthy
A: retaliatory headbutt, horns 2, clarity
a: Heroism, Renounce Religion, Evoke Invisibility, Evoke Teleportation


You were on level 9 of the Dungeon.
You worshipped Okawaru.
Okawaru was greatly pleased with you.
You were not hungry.

You visited 2 branches of the dungeon, and saw 10 of its levels.
You also visited: Ossuary.

You collected 511 gold pieces.
You spent 115 gold pieces at shops.

Inventory:

Hand weapons
 a - a cursed +0 war axe (weapon)
 F - a +0 war axe of venom
 G - a +0 blowgun
 K - a +2 hand axe of chopping
Missiles
 v - 2 tomahawks (quivered)
 H - 22 poisoned needles
Armour
 b - a +0 cloak
 c - a +0 hat (worn)
 h - the +6 scale mail of Gallantry {Dex+4, unknown}
   (You found it on level 5 of the Dungeon)

   It affects your dexterity (+4).
 n - a cursed +0 pair of boots (worn)
 s - a +4 chain mail of poison resistance (worn)
 N - the +1 cloak of Dishonesty (worn) {+Inv rN++ Str+2}
   (You found it on level 6 of the Dungeon)

   It affects your strength (+2).
   It greatly protects you from negative energy.
   It lets you turn invisible.
 Q - a +0 chain mail of poison resistance
Jewellery
 j - a +3 ring of protection
 p - a ring of see invisible (right hand)
 r - an uncursed ring of flight
 y - a cursed ring of teleportation (left hand)
 O - an uncursed ring of magical power {unknown}
 P - an uncursed amulet of regeneration {unknown}
 T - an uncursed ring of magical power {unknown}
Magical devices
 k - a wand of slowing (13)
 l - a wand of fireball (2)
 o - a wand of digging (13)
 x - a wand of lightning (4)
 z - a wand of draining (6)
 E - a wand of fire (15)
 S - a wand of paralysis (2)
 W - a wand of draining (2)
 Y - a wand of draining (7)
Scrolls
 m - a scroll of magic mapping
 q - 2 scrolls of immolation
 U - a scroll of remove curse
 V - a scroll of teleportation
 Z - 2 scrolls of identify
Potions
 e - 3 potions of curing
 g - 2 potions of cancellation {unknown}
 i - a potion of brilliance {unknown}
 t - 2 potions of berserk rage {unknown}
 w - 2 potions of haste
 B - a potion of magic {unknown}
 C - a potion of restore abilities {unknown}
 I - a potion of flight {unknown}
 J - a potion of degeneration {unknown}
 L - a potion of invisibility {unknown}
 M - 2 potions of cure mutation {unknown}
Books
 R - a book of Burglary

   Spells                             Type                      Level
   a - Swiftness                      Charms/Air                   2
   b - Passwall                       Transmutation/Earth          3
   c - Passage of Golubria            Translocation                4
   d - Lee's Rapid Deconstruction     Earth                        5
   e - Invisibility                   Hexes                        6
   f - Darkness                       Hexes                        7
Comestibles
 d - a chunk of flesh
 f - 9 bread rations
 A - 6 meat rations
 D - 2 beef jerkies
 X - 8 slices of pizza


   Skills:
 + Level 11.0 Fighting
 - Level 13.1 Axes
 - Level 2.0 Throwing
 + Level 7.0 Armour
 - Level 3.2 Dodging


You had 9 spell levels left.
You didn't know any spells.

Dungeon Overview and Level Annotations

Branches:
Dungeon (9/15)             Temple (1/1) D:4             Orc (0/4) D:9
   Lair: D:8-11

Altars:
Ashenzari
Cheibriados
Dithmenos
Elyvilon
Fedhas
Gozag
Kikubaaqudgha
Makhleb
Nemelex Xobeh
Okawaru
Qazlal
Ru
Sif Muna
Trog
Vehumet
Xom
Yredelemnul
Zin
The Shining One
Beogh

Shops:
D:5 %(%


Innate Abilities, Weirdness & Mutations

You reflexively headbutt those who attack you in melee.
You have a pair of horns on your head.
You possess an exceptional clarity of mind.


Message History

The gargoyle hurls a stone arrow at you.
The stone arrow hits you!
* * * LOW HITPOINT WARNING * * *
Unknown command.
Evoke which item? (* to show all) (? for menu, Esc to quit)
Zapping:
x - a wand of lightning (will waste charges)
Press: ? - help, Shift-Dir - straight line, f - gargoyle, p - yak
Aim: a gargoyle, wielding a morningstar You hear a mighty clap of thunder!
The bolt of lightning misses the gargoyle.
Evoking this partially-identified wand wasted a few charges.
You hear an angry hiss.
You hear a shout!
The orc wizard gestures at you while chanting.
The puff of flame hits you! The yak gores you!
* * * LOW HITPOINT WARNING * * *
The yak gores you!
* * * LOW HITPOINT WARNING * * *
The gargoyle hurls a stone arrow at you.
The stone arrow hits you!
You die...

...# #............... #
#......############## ##.
#......#....(.>......
...#
#......#....().......###
...
#####..#...)))_..⌠...#))
######
#..'..#............ #(#
#.#..#
......#.)#......8.....
#.. .....#
.....#.o##8'8#####8(8##))
#.#+##
.#####.o@Y.........(..((.
#.#
#.....YY9....##.+...#((#
#.# #...'.##...Y.....#
#.. #.(# ###
#...#.##...Y.....# #.
#... ... #.......)....# #
'... # #............#
#.(. #............# #...
#.##.........# #... #.
#........... ...


You could see 5 yaks, an orc warrior (paralysed), a gargoyle and an orc wizard
(invisible).

Vanquished Creatures
  The ghost of hornqvist the Cleaver, an average HOFi of Qazlal (D:4)
  A human (D:9)
  A yak (D:9)
  A hippogriff (D:7)
  2 hungry ghosts (D:7)
  2 necrophages
  A sky beast (D:7)
  A black bear (D:8)
  3 ice beasts
  2 water moccasins
  8 orc warriors
  2 ogres
  2 phantoms
  3 giant frogs
  Sigmund (D:2)
  4 centaurs
  An elf zombie (Ossuary)
  3 killer bees (D:9)
  2 scorpions
  9 wights
  5 crimson imps
  2 centaur zombies (Ossuary)
  4 goliath beetles
  A jelly (D:6)
  10 orc priests
  6 hounds
  3 iguanas
  3 orc wizards
  3 worker ants
  A killer bee zombie (D:6)
  2 big kobold zombies (Ossuary)
  Ijyb (D:2)
  Jessica (D:2)
  Terence (D:3)
  2 mummies (Ossuary)
  Robin (D:3)
  5 gnolls
  7 adders
  A shadow imp (D:6)
  2 giant mites
  2 worms (D:3)
  An adder skeleton (D:7)
  2 adder zombies
  4 giant geckos
  An ooze (D:4)
  47 orcs
  A bat zombie (D:6)
  5 giant cockroaches
  7 hobgoblins
  3 jackals (D:9)
  10 kobolds
  A ball python skeleton (D:4)
  6 bats
  A giant gecko skeleton (D:5)
  4 giant newts
  16 goblins
  A goblin zombie (Ossuary)
  12 hobgoblin zombies (Ossuary)
  A jackal zombie (Ossuary)
  8 kobold zombies (Ossuary)
  8 orc zombies (Ossuary)
  3 quokkas
  A quokka skeleton (D:7)
  11 rats
  A rat zombie (Ossuary)
  3 ballistomycetes (D:7)
271 creatures vanquished.

Vanquished Creatures (collateral kills)
  A bat (D:3)
1 creature vanquished.

Vanquished Creatures (others)
  A phantom (D:7)
  A human (D:6)
  An adder (D:7)
  A giant spore (D:7)
4 creatures vanquished.

Grand Total: 276 creatures vanquished

Notes
Turn   | Place    | Note
--------------------------------------------------------------
     0 | D:1      | BluebellGnoll, the Minotaur Gladiator, began the quest for the Orb.
     0 | D:1      | Reached XP level 1. HP: 18/18 MP: 1/1
   250 | D:1      | Reached XP level 2. HP: 14/27 MP: 1/1
   980 | D:2      | Reached skill level 4 in Fighting
   992 | D:2      | Reached XP level 3. HP: 33/33 MP: 2/2
  1055 | D:2      | Noticed Jessica
  1066 | D:2      | Killed Jessica
  1066 | D:2      | Reached skill level 5 in Fighting
  1135 | D:2      | Noticed Sigmund
  1151 | D:2      | Killed Sigmund
  1151 | D:2      | Reached skill level 6 in Fighting
  1151 | D:2      | Reached XP level 4. HP: 26/44 MP: 2/2
  1269 | D:2      | Noticed Ijyb
  1272 | D:2      | Killed Ijyb
  1272 | D:2      | Reached XP level 5. HP: 45/51 MP: 2/2
  1437 | D:2      | Gained mutation: You possess an exceptional clarity of mind. [potion of beneficial mutation]
  1871 | D:3      | Noticed Terence
  1887 | D:3      | Killed Terence
  2076 | D:3      | Noticed Robin
  2092 | D:3      | Killed Robin
  2654 | D:4      | Noticed a phantom
  2670 | D:4      | Killed a phantom
  2670 | D:4      | Reached skill level 5 in Axes
  2670 | D:4      | Reached XP level 6. HP: 44/58 MP: 3/3
  2746 | D:4      | Noticed hornqvist's ghost (average HOFi)
  2758 | D:4      | Killed hornqvist's ghost
  2758 | D:4      | Reached skill level 7 in Axes
  2758 | D:4      | Reached XP level 7. HP: 48/64 MP: 3/3
  3052 | D:4      | Found a staircase to the Ecumenical Temple.
  3061 | Temple   | Entered the Ecumenical Temple
  3065 | Temple   | Became a worshipper of Warmaster Okawaru
  3324 | D:5      | Entered Level 5 of the Dungeon
  3367 | D:5      | Found Mnoll's Food Emporium.
  3378 | D:5      | Got a steaming scale mail
  3412 | D:5      | Reached skill level 8 in Axes
  3465 | D:5      | Found Xonouv's Antique Weapon Boutique.
  3479 | D:5      | Bought a runed war axe for 115 gold pieces
  3658 | D:5      | Found Mas Vac's Food Boutique.
  4254 | D:6      | Reached skill level 9 in Axes
  4384 | D:6      | Reached XP level 8. HP: 55/71 MP: 3/3
  4405 | D:6      | Reached skill level 10 in Axes
  4474 | D:6      | Found a sand-covered staircase.
  4509 | Ossuary  | Entered an ossuary
  4605 | Ossuary  | Acquired Okawaru's first power
  4712 | Ossuary  | Reached skill level 11 in Axes
  4906 | D:6      | Got a scorched cloak
  5028 | D:6      | Reached skill level 12 in Axes
  5268 | D:6      | Reached XP level 9. HP: 48/78 MP: 4/4
  5280 | D:6      | Found an ancient bone altar of Kikubaaqudgha.
  5280 | D:6      | Noticed a human
  5282 | D:6      | Found a deep blue altar of Sif Muna.
  5283 | D:6      | Found a blossoming altar of Fedhas.
  5285 | D:6      | Killed a human
  5454 | D:6      | Found a sparkling altar of Nemelex Xobeh.
  5458 | D:6      | Found a glowing silver altar of Zin.
  5459 | D:6      | Found a glowing golden altar of the Shining One.
  5476 | D:6      | Reached skill level 13 in Axes
  5701 | D:6      | Identified the +1 cloak of Dishonesty {+Inv rN++ Str+2} (You found it on level 6 of the Dungeon)
  5884 | D:7      | Reached skill level 1 in Armour
  5928 | D:7      | Found a stormy altar of Qazlal.
  6530 | D:8      | Found an opulent altar of Gozag.
  7174 | D:8      | Reached skill level 5 in Armour
  7365 | D:9      | Reached XP level 10. HP: 89/92 MP: 4/4
  7384 | D:9      | Reached skill level 10 in Fighting
  7529 | D:9      | Found a staircase to the Orcish Mines.
  7529 | D:9      | Found a roughly hewn altar of Beogh.
  7775 | D:9      | Noticed a gargoyle
  7793 | D:9      | Killed from afar by a gargoyle

Action                   |  1- 3 |  4- 6 |  7- 9 | 10-12 || total
-------------------------+-------+-------+-------+-------++-------
Melee: War axe           |    57 |    78 |   477 |    93 ||   705
Throw: Throwing net      |     3 |     1 |     2 |       ||     6
       Tomahawk          |       |       |     9 |    17 ||    26
Evoke: Wand              |       |    16 |       |     3 ||    19
  Use: Potion            |     1 |     1 |       |     2 ||     4
       Scroll            |       |    10 |     4 |     1 ||    15
  Eat: Chunk             |     1 |     5 |    16 |     1 ||    23
